[Event "ICC tourney 2822 (30 10)"]
[Site "Internet Chess Club"]
[Date "2022.02.12"]
[Round "1"]
[White "CAO, DANIEL:danielcao"]
[Black "HERREROS, STEPHEN:alekhine1031"]
[Result "0-1"]
[ICCResult "White resigns"]
[WhiteElo "1318"]
[BlackElo "1492"]
[Opening "Scandinavian: Pytel-Wade variation"]
[ECO "B01"]
[NIC "SD.02"]
[Time "12:00:46"]
[PlyCount "51"]
[TimeControl "1800+10"]

1. e4 d5 2. exd5 Qxd5 3. Nc3 Qd6 4. Nf3 c6 5. Bc4 Nf6 6. O-O Bg4 7. Re1 e6
8. d3 Be7 9. Be3 O-O 10. Na4 b5 11. Bc5 Qd8 12. h3 Bxf3 13. Qxf3 bxa4 14.
Be3 Qc7 15. b3 Nbd7 16. Bf4 Bd6 17. Be3 Ne5 18. Qd1 Nxc4 19. dxc4 Rad8 20.
c5 Bh2+ 21. Kh1 Rxd1 22. Raxd1 Be5 23. g4 axb3 24. cxb3 Nd5 25. Bd2 Rd8 26.
g5 {White resigns} 0-1

[Event "ICC tourney 2822 (30 10)"]
[Site "Internet Chess Club"]
[Date "2022.02.12"]
[Round "1"]
[White "Jones, Richard S:weakfish"]
[Black "JACOBS, STEVE:Steviejay"]
[Result "1-0"]
[ICCResult "Black resigns"]
[WhiteElo "1437"]
[BlackElo "1229"]
[Opening "Caro-Kann: Steinitz variation"]
[ECO "B17"]
[NIC "CK.08"]
[Time "12:03:19"]
[PlyCount "67"]
[TimeControl "1800+10"]

1. e4 c6 2. d4 d5 3. Nc3 dxe4 4. Nxe4 Nd7 5. Nf3 Ngf6 6. Ng3 g6 7. c3 Bg7 8.
Bg5 O-O 9. Bc4 Nb6 10. Bb3 Bg4 11. h3 Bxf3 12. Qxf3 Qd7 13. O-O-O Rfe8 14.
Rhe1 a5 15. a3 a4 16. Ba2 h6 17. Bxf6 Bxf6 18. Ne4 Bg7 19. Bxf7+ Kh8 20.
Bxe8 Rxe8 21. Nc5 Qf5 22. Qxf5 gxf5 23. Nxb7 Nc4 24. Nc5 e5 25. Nxa4 e4 26.
d5 cxd5 27. Rxd5 Re5 28. Rxe5 Nxe5 29. Kc2 Nd3 30. Re2 Ne5 31. Nc5 Kg8 32.
Ne6 Bf6 33. Nd4 Ng6 34. Nxf5 {Black resigns} 1-0

[Event "ICC tourney 2822 (30 10)"]
[Site "Internet Chess Club"]
[Date "2022.02.12"]
[Round "1"]
[White "JAIN, PARINYA:StockAlpha2020"]
[Black "Sreekumar, Gauri:gsgirl"]
[Result "1-0"]
[ICCResult "Black checkmated"]
[WhiteElo "1288"]
[BlackElo "1448"]
[Opening "Sicilian: dragon, Yugoslav attack, 10.O-O-O"]
[ECO "B78"]
[NIC "SI.18"]
[Time "12:00:51"]
[PlyCount "59"]
[TimeControl "1800+10"]

1. e4 c5 2. Nf3 d6 3. d4 cxd4 4. Nxd4 Nf6 5. Nc3 g6 6. Bc4 Bg7 7. f3 O-O 8.
Be3 Nc6 9. Qd2 Bd7 10. O-O-O Rc8 11. Bb3 Ne5 12. Nde2 Nc4 13. Bxc4 Rxc4 14.
Bh6 Qa5 15. a3 Rfc8 16. Bxg7 Kxg7 17. h4 b5 18. Kb1 b4 19. axb4 Qxb4 20. g4
h5 21. e5 Ne8 22. gxh5 Rb8 23. h6+ Kh7 24. b3 Ba4 25. Nxa4 Qxa4 26. Nc1 Qa3
27. exd6 Ra4 28. Qc3 Rc8 29. Qb2 Nxd6 30. Qg7# {Black checkmated} 1-0

[Event "ICC tourney 2822 (30 10)"]
[Site "Internet Chess Club"]
[Date "2022.02.12"]
[Round "1"]
[White "GUO, MAX:salamenceg"]
[Black "BOGIN, THEODORE:tbogin1"]
[Result "0-1"]
[ICCResult "White checkmated"]
[WhiteElo "1140"]
[BlackElo "1433"]
[Opening "KP: Nimzovich defense, Bogolyubov variation"]
[ECO "B00"]
[NIC "VO.06"]
[Time "12:01:39"]
[PlyCount "68"]
[TimeControl "1800+10"]

1. e4 Nc6 2. d4 d5 3. Nc3 dxe4 4. d5 Nb8 5. Bc4 Nf6 6. Bg5 Nbd7 7. Nge2 Nb6
8. Bb3 a5 9. a3 a4 10. Ba2 Ra5 11. Bxf6 exf6 12. O-O Bd6 13. Nxe4 Nxd5 14.
Bxd5 Rxd5 15. Nxd6+ Qxd6 16. Qe1 O-O 17. Nc3 Rh5 18. h3 Bxh3 19. Ne4 Qe6 20.
Ng3 Re5 21. Qc3 Bg4 22. Qxc7 h5 23. f3 h4 24. Ne4 Rxe4 25. fxe4 Rc8 26. Qxb7
Rxc2 27. Qd5 Qb6+ 28. Kh1 Qxb2 29. Rfb1 Qc3 30. Rb8+ Kh7 31. Rab1 h3 32.
Qxf7 hxg2+ 33. Kg1 Qe3+ 34. Kh2 g1=Q# {White checkmated} 0-1

[Event "ICC tourney 2822 (30 10)"]
[Site "Internet Chess Club"]
[Date "2022.02.12"]
[Round "1"]
[White "SAHNI, HARTEJ:hartej"]
[Black "DATTA, GAURAV D:Geebz76"]
[Result "1-0"]
[ICCResult "Black resigns"]
[WhiteElo "1476"]
[BlackElo "1308"]
[Opening "French: exchange variation"]
[ECO "C01"]
[NIC "FR.01"]
[Time "12:00:52"]
[PlyCount "53"]
[TimeControl "1800+10"]

1. e4 e6 2. d4 d5 3. exd5 exd5 4. Nf3 Bg4 5. Be2 Bd6 6. Bg5 Ne7 7. c3 O-O 8.
O-O h6 9. Bh4 Nbc6 10. Nbd2 Re8 11. Re1 Qc8 12. Bd3 Nf5 13. Rxe8+ Qxe8 14.
Bg3 Nxg3 15. hxg3 Qe6 16. Qc2 Re8 17. Re1 Qd7 18. Rxe8+ Qxe8 19. Kf1 a5 20.
Nh2 Bd7 21. Nhf3 Qe6 22. Nh4 Qf6 23. Bf5 Bxg3 24. fxg3 g5 25. Ndf3 gxh4 26.
Bxd7 h3 27. Bxh3 {Black resigns} 1-0

[Event "ICC tourney 2822 (30 10)"]
[Site "Internet Chess Club"]
[Date "2022.02.12"]
[Round "1"]
[White "Mason, Mike W:MikeWMason"]
[Black "Thomas, Mitchell:byumitchell"]
[Result "1-0"]
[ICCResult "Black resigns"]
[WhiteElo "1507"]
[BlackElo "1329"]
[Opening "French: Rubinstein variation"]
[ECO "B01"]
[NIC "VO.17"]
[Time "12:01:39"]
[PlyCount "67"]
[TimeControl "1800+10"]

1. e4 d5 2. d4 dxe4 3. Nc3 e6 4. f3 e3 5. Bxe3 Bb4 6. Qd3 Ne7 7. O-O-O a5 8.
a3 Bxc3 9. Qxc3 O-O 10. Bg5 Qd7 11. Nh3 c6 12. Bd3 Ng6 13. Nf2 b5 14. h4 b4
15. Qb3 bxa3 16. Qxa3 Na6 17. h5 Ne7 18. Qxe7 Qd5 19. c4 Qd7 20. Qxd7 Bxd7
21. Ne4 Nb4 22. Nc5 Bc8 23. Bb1 a4 24. Ne4 a3 25. bxa3 Rxa3 26. Be7 Re8 27.
Bxb4 Rb3 28. Bd2 Ba6 29. Nc5 Ra3 30. Nxa6 Rxa6 31. Bc3 Rea8 32. Bc2 Ra3 33.
Kd2 e5 34. Ra1 {Black resigns} 1-0

[Event "ICC tourney 2822 (30 10)"]
[Site "Internet Chess Club"]
[Date "2022.02.12"]
[Round "1"]
[White "WU, WINSTON:K01-30022609"]
[Black "Wang, Bohan:BohanChess"]
[Result "0-1"]
[ICCResult "White checkmated"]
[WhiteElo "1441"]
[BlackElo "1252"]
[Opening "Sicilian: Alapin's variation (2.c3)"]
[ECO "B22"]
[NIC "SI.47"]
[Time "12:00:55"]
[PlyCount "90"]
[TimeControl "1800+10"]

1. e4 c5 2. c3 Nf6 3. e5 Nd5 4. d4 cxd4 5. cxd4 e6 6. Nf3 Nc6 7. Bd3 Bb4+ 8.
Bd2 Qb6 9. Nc3 Nxd4 10. Nxd4 Qxd4 11. Nxd5 Bxd2+ 12. Qxd2 Qxd5 13. f4 b6 14.
O-O Ba6 15. Rf3 Rd8 16. a3 d6 17. Qc2 Rc8 18. Qa4+ b5 19. Qxa6 Qc5+ 20. Kh1
dxe5 21. Qxb5+ Ke7 22. Qxc5+ Rxc5 23. fxe5 Rxe5 24. Raf1 f6 25. b4 Rd5 26.
Rg3 g5 27. Re1 h5 28. Rge3 e5 29. Bf5 g4 30. Be4 Rd4 31. Kg1 Ke6 32. Bd3
Rhd8 33. Bg6 h4 34. Bc2 Rd2 35. Bb3+ Kf5 36. Rf1+ Kg5 37. Bc4 Rc2 38. Bb3
Rb2 39. Bc4 Rdd2 40. Rfe1 Rxg2+ 41. Kh1 Rxh2+ 42. Kg1 Rbg2+ 43. Kf1 h3 44.
Rxh3 gxh3 45. Re2 Rh1# {White checkmated} 0-1

[Event "ICC tourney 2822 (30 10)"]
[Site "Internet Chess Club"]
[Date "2022.02.12"]
[Round "1"]
[White "AYYAPPAN, ANUSHKA:Anushkaa"]
[Black "JIMENEZ, LUIS A:eltuna"]
[Result "0-1"]
[ICCResult "White checkmated"]
[WhiteElo "1251"]
[BlackElo "1440"]
[Opening "Caro-Kann: exchange variation"]
[ECO "B13"]
[NIC "CK.02"]
[Time "12:00:52"]
[PlyCount "98"]
[TimeControl "1800+10"]

1. e4 c6 2. d4 d5 3. exd5 cxd5 4. Nf3 Nc6 5. Bd3 Nf6 6. O-O Bg4 7. Be3 e6 8.
h3 Bh5 9. Nbd2 Bd6 10. Re1 O-O 11. Qc1 Nb4 12. Be2 Bg6 13. Bd1 Rc8 14. Ne5
Bxc2 15. Bg5 Bxe5 16. Bxc2 Rxc2 17. Qd1 Bxd4 18. a3 Rxb2 19. axb4 Rxb4 20.
Rc1 Qb6 21. Be3 Bxe3 22. Rxe3 Ne4 23. Nxe4 Rxe4 24. Rg3 Qd4 25. Qc2 Qc4 26.
Qb2 Qd4 27. Qc2 b5 28. Rc3 g6 29. Rd3 Qa4 30. Qb2 b4 31. f3 Rc4 32. Ra1 Qb5
33. Rb3 a5 34. Rb1 Rb8 35. Kh1 a4 36. Re3 b3 37. Ree1 Rc2 38. Qd4 a3 39. Re3
b2 40. Rxb2 axb2 41. Re1 Rc1 42. Qg1 Rxe1 43. Qxe1 b1=Q 44. Qxb1 Qxb1+ 45.
Kh2 Qf5 46. h4 Rb2 47. Kh1 Qf4 48. h5 Qg3 49. hxg6 Qxg2# {White checkmated}
0-1

[Event "ICC tourney 2822 (30 10)"]
[Site "Internet Chess Club"]
[Date "2022.02.12"]
[Round "1"]
[White "LING, CHENXUAN:UnicornMM"]
[Black "Kale, Shubham:shubham07"]
[Result "1-0"]
[ICCResult "Black forfeits on time"]
[WhiteElo "1675"]
[BlackElo "1417"]
[Opening "Robatsch (modern) defense"]
[ECO "A40"]
[NIC "KF.05"]
[Time "12:00:48"]
[PlyCount "69"]
[TimeControl "1800+10"]

1. d4 g6 2. e4 Bg7 3. Nf3 d6 4. Bd3 a6 5. O-O Nd7 6. c4 c5 7. d5 Ngf6 8. Nc3
O-O 9. h3 Rb8 10. a4 h6 11. Be3 b6 12. Nd2 Ne5 13. Be2 Kh7 14. f4 Ned7 15.
Kh2 Qe8 16. g4 e6 17. Bd3 exd5 18. cxd5 Bb7 19. Rg1 Nxd5 20. Nxd5 Bxd5 21.
Qc2 Bb7 22. Rae1 Qe7 23. Bf2 Qf6 24. Bg3 Qxb2 25. Qxb2 Bxb2 26. Nc4 Bd4 27.
Rgf1 d5 28. exd5 Bxd5 29. f5 Rbe8 30. Nd6 Rxe1 31. Rxe1 Nf6 32. fxg6+ fxg6
33. Re7+ Kg8 34. Bxg6 c4 35. Nf5 {Black forfeits on time} 1-0

[Event "ICC tourney 2822 (30 10)"]
[Site "Internet Chess Club"]
[Date "2022.02.12"]
[Round "1"]
[White "ZHUGE, KATHERINE:FlowingMelody"]
[Black "THAIN, JACK:jt1819"]
[Result "0-1"]
[ICCResult "White checkmated"]
[WhiteElo "1409"]
[BlackElo "1673"]
[Opening "Caro-Kann: classical, Spassky variation"]
[ECO "B19"]
[NIC "CK.12"]
[Time "12:00:45"]
[PlyCount "108"]
[TimeControl "1800+10"]

1. e4 c6 2. d4 d5 3. Nc3 dxe4 4. Nxe4 Bf5 5. Ng3 Bg6 6. h4 h6 7. Nf3 Nd7 8.
h5 Bh7 9. Bd3 Bxd3 10. Qxd3 Ngf6 11. c3 e6 12. Be3 Be7 13. O-O-O O-O 14. Ne4
Nxe4 15. Qxe4 Nf6 16. Qc2 Qd5 17. Kb1 Qe4 18. Qxe4 Nxe4 19. Nd2 Nf6 20. Rde1
Rfd8 21. Bf4 Rd5 22. Be5 Rad8 23. Bxf6 Bxf6 24. Ne4 Be7 25. f3 b5 26. Nf2 c5
27. dxc5 Bxc5 28. Ne4 Bb6 29. g4 f5 30. gxf5 exf5 31. Ng3 Bf2 32. Ref1 Bxg3
33. Rhg1 f4 34. Kc1 Rxh5 35. Rd1 Rhd5 36. Rdf1 h5 37. Rg2 h4 38. Rh1 Re8 39.
Rd2 Rxd2 40. Kxd2 Re3 41. Rf1 h3 42. Kd1 h2 43. Kd2 Re1 44. Rxe1 Bxe1+ 45.
Kxe1 h1=Q+ 46. Kf2 Qh2+ 47. Ke1 Qxb2 48. Kd1 Qxa2 49. Ke1 a5 50. Kd1 b4 51.
cxb4 axb4 52. Ke1 b3 53. Kd1 b2 54. Ke1 b1=Q# {White checkmated} 0-1

[Event "ICC tourney 2822 (30 10)"]
[Site "Internet Chess Club"]
[Date "2022.02.12"]
[Round "1"]
[White "PODDUTURI, AASHRITH:chessprogidy"]
[Black "WANG, MAXWELL GEORG:MaxWang"]
[Result "0-1"]
[ICCResult "White resigns"]
[WhiteElo "1429"]
[BlackElo "1692"]
[Opening "Queen's bishop game"]
[ECO "D02"]
[NIC "QP.08"]
[Time "12:00:46"]
[PlyCount "136"]
[TimeControl "1800+10"]

1. d4 d5 2. Nf3 Nf6 3. Bf4 e6 4. e3 c5 5. c3 Nc6 6. Bd3 Bd6 7. Ne5 Bxe5 8.
dxe5 Nd7 9. Bb5 O-O 10. Bxc6 bxc6 11. Nd2 Ba6 12. Qf3 Qb8 13. b3 Nxe5 14.
Bxe5 Qxe5 15. Rc1 Rfd8 16. Qg3 Qxg3 17. hxg3 Rac8 18. Nf3 c4 19. b4 c5 20.
a3 cxb4 21. axb4 Bb5 22. Ra1 a6 23. O-O f6 24. Ra5 e5 25. Rd1 Kf7 26. Kf1
Ke6 27. Nd2 d4 28. exd4 exd4 29. Re1+ Kf7 30. Ne4 d3 31. Rd1 Rc6 32. Rd2 Re8
33. Nc5 Re7 34. Ra1 Ke8 35. Rda2 Ra7 36. Ra5 Rb6 37. Na4 Bxa4 38. R5xa4 Kd7
39. b5 Rxb5 40. Rxc4 Rd5 41. Rd1 Rc7 42. Rxc7+ Kxc7 43. Ke1 Kc6 44. Kd2 Kc5
45. Rc1 Kc4 46. Ra1 a5 47. Ra3 h5 48. f4 g6 49. Ra1 Kb5 50. Rc1 Rd6 51. c4+
Kb4 52. c5 Rc6 53. Kxd3 Rxc5 54. Rb1+ Ka4 55. Kd4 Rc2 56. Ra1+ Kb5 57. Rb1+
Ka6 58. Rg1 a4 59. Kd3 Rb2 60. Kc3 Rb3+ 61. Kc4 Rxg3 62. Kd5 a3 63. Ke6 f5
64. Kf6 a2 65. Kg7 Ka5 66. Kh6 Ka4 67. Kg7 Ka3 68. Rf1 Rxg2 {White resigns}
0-1

[Event "ICC tourney 2822 (30 10)"]
[Site "Internet Chess Club"]
[Date "2022.02.12"]
[Round "1"]
[White "ORYE, MATTHEW:GrandWizard"]
[Black "BRUDNO, STEPHEN:StevChess01"]
[Result "1-0"]
[ICCResult "Black checkmated"]
[WhiteElo "1669"]
[BlackElo "1400"]
[Opening "Colle system"]
[ECO "D05"]
[NIC "QP.06"]
[Time "12:01:39"]
[PlyCount "109"]
[TimeControl "1800+10"]

1. d4 Nf6 2. Nf3 e6 3. e3 d5 4. Bd3 c5 5. c3 Be7 6. Nbd2 O-O 7. O-O b6 8.
Re1 Bb7 9. Ne5 Nbd7 10. f4 Ne4 11. Qc2 f5 12. Ndf3 Nxe5 13. Nxe5 Rc8 14. Bb5
Rc7 15. Qa4 Ba8 16. Re2 Nf6 17. Bd2 Bd6 18. Nf3 Ne4 19. Rf1 Qc8 20. Bd3 Bc6
21. Qd1 Qd7 22. Be1 Bb5 23. Bh4 Bxd3 24. Qxd3 c4 25. Qd1 b5 26. a3 Qf7 27.
Ng5 Nxg5 28. Bxg5 Qh5 29. Ref2 Qxd1 30. Rxd1 Be7 31. h4 Rb8 32. Bxe7 Rxe7
33. b4 cxb3 34. Rb2 a6 35. Rxb3 Rc8 36. Kf2 Rec7 37. Rc1 Rc4 38. Ke2 Kf7 39.
Kd3 Ra4 40. Ra1 Rc6 41. Rb4 Rxb4 42. cxb4 Kg6 43. a4 bxa4 44. Rxa4 Kh5 45.
Ke2 Kg4 46. Kd3 Kxh4 47. b5 axb5 48. Ra7 h5 49. Rxg7 Rb6 50. Ke2 b4 51. Kf3
e5 52. dxe5 d4 53. Rh7 b3 54. g3+ Kh3 55. Rxh5# {Black checkmated} 1-0

[Event "ICC tourney 2822 (30 10)"]
[Site "Internet Chess Club"]
[Date "2022.02.12"]
[Round "1"]
[White "JACKSON, MASSIMO MATEO:Yeetamus123"]
[Black "HARRIS, ISAAC LOTT:isaaclharris"]
[Result "1/2-1/2"]
[ICCResult "Game drawn by mutual agreement"]
[WhiteElo "1383"]
[BlackElo "1509"]
[Opening "French: Schlechter variation"]
[ECO "C01"]
[NIC "FR.01"]
[Time "12:00:43"]
[PlyCount "202"]
[TimeControl "1800+10"]

1. e4 e6 2. d4 d5 3. Bd3 c5 4. exd5 exd5 5. c3 Nf6 6. Nf3 Bd6 7. O-O O-O 8.
Bg5 Bg4 9. h3 Bh5 10. Nbd2 Nc6 11. Qc2 Bg6 12. Bxg6 hxg6 13. Rfe1 Rc8 14.
Qd3 cxd4 15. cxd4 Nb4 16. Qb3 Nc2 17. Qxb7 Nxa1 18. Rxa1 Qc7 19. Qb3 Rb8 20.
Qd3 Rxb2 21. Nb3 Qc2 22. Qe3 Ne4 23. Bh4 Rb1+ 24. Rxb1 Qxb1+ 25. Ne1 Qxa2
26. Nc5 Bxc5 27. dxc5 Qd2 28. Qxd2 Nxd2 29. Nd3 Rc8 30. Be7 Nb3 31. Bd6 a5
32. Nf4 Nxc5 33. Nxd5 Ra8 34. Bxc5 f6 35. Nb6 Ra6 36. Kf1 Kf7 37. Ke2 Ke6
38. Kd3 a4 39. Nc4 Kd5 40. Bb4 Kc6 41. Kc3 g5 42. g4 Kd5 43. Ne3+ Ke4 44.
Kb2 Kf3 45. Be1 Ke2 46. Nc2 Ra7 47. Bc3 Kxf2 48. Bd4+ Kg3 49. Bxa7 Kxh3 50.
Ne3 g6 51. Bd4 f5 52. gxf5 gxf5 53. Nxf5 g4 54. Bf2 Kg2 55. Bh4 Kf3 56. Ka3
Kf4 57. Ng3 Kf3 58. Kxa4 Kg2 59. Nf5 Kh3 60. Be1 Kg2 61. Kb3 Kf3 62. Kc2 Kf4
63. Ng3 Kf3 64. Kd2 Kf4 65. Ke2 Ke5 66. Ke3 Kd5 67. Kf4 Kd4 68. Kxg4 Ke5 69.
Bd2 Kd4 70. Kf4 Kd5 71. Bc3 Kc4 72. Be5 Kd3 73. Nf5 Kc4 74. Ke4 Kc5 75. Ne3
Kc6 76. Kd4 Kd7 77. Kd5 Ke7 78. Nf5+ Kf7 79. Kd6 Kg6 80. Ke6 Kg5 81. Ne3 Kg6
82. Ke7 Kg5 83. Kf7 Kh4 84. Kg6 Kh3 85. Bf4 Kh4 86. Be5 Kh3 87. Kf5 Kh4 88.
Kf4 Kh5 89. Kf5 Kh4 90. Nd5 Kh3 91. Ne3 Kh4 92. Bf4 Kh5 93. Kf6 Kh4 94. Ke5
Kh5 95. Kf5 Kh4 96. Kg6 Kh3 97. Kf6 Kh4 98. Kf5 Kh5 99. Nf1 Kh4 100. Kg6 Kg4
101. Be5 Kf3 {Game drawn by mutual agreement} 1/2-1/2

[Event "ICC tourney 2822 (30 10)"]
[Site "Internet Chess Club"]
[Date "2022.02.12"]
[Round "1"]
[White "HANKE, HARVEY:ThinkingPanda"]
[Black "QI, JENNY:eevee11"]
[Result "1/2-1/2"]
[ICCResult "Game drawn because neither player has mating material"]
[WhiteElo "1551"]
[BlackElo "1386"]
[Opening "Scandinavian defense"]
[ECO "B01"]
[NIC "SD.03"]
[Time "12:01:13"]
[PlyCount "82"]
[TimeControl "1800+10"]

1. e4 d5 2. exd5 Nf6 3. d4 Bg4 4. Be2 Bxe2 5. Qxe2 Qxd5 6. Nf3 Nc6 7. c4 Qe4
8. Nc3 Qxe2+ 9. Kxe2 e6 10. Rd1 O-O-O 11. h3 h6 12. Bf4 Bd6 13. Bxd6 Rxd6
14. Rd2 Rhd8 15. Rad1 a6 16. Ke3 R8d7 17. c5 Nd5+ 18. Nxd5 Rxd5 19. g4 g5
20. Ne1 Rd8 21. Nc2 f6 22. b4 b6 23. a4 e5 24. cxb6 cxb6 25. dxe5 Rxd2 26.
Rxd2 Rxd2 27. Kxd2 Nxe5 28. Ke3 Ng6 29. Ke4 Nf4 30. Kf5 Nxh3 31. f3 Ng1 32.
Nd4 Kd7 33. Kxf6 b5 34. axb5 axb5 35. Kg6 Kd6 36. Nxb5+ Kd5 37. Nc3+ Kc4 38.
Ne4 Nxf3 39. Kxh6 Kxb4 40. Nxg5 Ne5 41. Kh5 Nxg4
{Game drawn because neither player has mating material}
1/2-1/2

[Event "ICC tourney 2822 (30 10)"]
[Site "Internet Chess Club"]
[Date "2022.02.12"]
[Round "2"]
[White "BOGIN, THEODORE:tbogin1"]
[Black "ORYE, MATTHEW:GrandWizard"]
[Result "0-1"]
[ICCResult "White checkmated"]
[WhiteElo "1433"]
[BlackElo "1669"]
[Opening "Barnes defense"]
[ECO "B00"]
[NIC "VO.17"]
[Time "14:00:43"]
[PlyCount "36"]
[TimeControl "1800+10"]

1. e4 f6 2. Nf3 g6 3. d4 Bh6 4. Bxh6 Nxh6 5. Qd2 Nf7 6. Bc4 c6 7. Bxf7+ Kxf7
8. O-O d5 9. e5 Bg4 10. exf6 Bxf3 11. fxe7 Qxe7 12. gxf3 Qf6 13. f4 Nd7 14.
Nc3 Qf5 15. Kh1 Nf6 16. Rae1 Rhe8 17. Re5 Qh3 18. Re3 Qxf1# {White
checkmated} 0-1

[Event "ICC tourney 2822 (30 10)"]
[Site "Internet Chess Club"]
[Date "2022.02.12"]
[Round "2"]
[White "GOKULRAJ, DARSHAN:Dolphinwantsgm"]
[Black "Garner, Christian:ChristianJRG"]
[Result "1-0"]
[ICCResult "Black checkmated"]
[WhiteElo "992"]
[BlackElo "1608"]
[Opening "Dutch: classical variation"]
[ECO "A96"]
[NIC "HD.01"]
[Time "14:00:20"]
[PlyCount "71"]
[TimeControl "1800+10"]

1. d4 f5 2. g3 Nf6 3. Bg2 e6 4. Nf3 Be7 5. O-O O-O 6. c4 d6 7. Nc3 Ne4 8. e3
Nxc3 9. bxc3 Nd7 10. Re1 e5 11. Qc2 Qe8 12. e4 f4 13. Bd2 Qh5 14. Qc1 fxg3
15. fxg3 Nf6 16. Bg5 Bg4 17. Bxf6 Bxf6 18. Qe3 Bxf3 19. Bxf3 Qg5 20. Qd3
exd4 21. cxd4 Bxd4+ 22. Qxd4 Rxf3 23. Qd5+ Qxd5 24. cxd5 Raf8 25. Re2 Rc3
26. Kg2 h6 27. h4 g5 28. hxg5 hxg5 29. Rae1 Rff3 30. e5 Rxg3+ 31. Kh2 dxe5
32. Rxe5 Rg4 33. Re8+ Kg7 34. R8e7+ Kf6 35. R1e6+ Kf5 36. Rf7#
{Black checkmated}
1-0

[Event "ICC tourney 2822 (30 10)"]
[Site "Internet Chess Club"]
[Date "2022.02.12"]
[Round "2"]
[White "CAO, DANIEL:danielcao"]
[Black "ANGEL, BORYS:BArkadia"]
[Result "0-1"]
[ICCResult "White checkmated"]
[WhiteElo "1318"]
[BlackElo "1432"]
[Opening "Two knights defense"]
[ECO "C58"]
[NIC "KP.01"]
[Time "14:00:24"]
[PlyCount "48"]
[TimeControl "1800+10"]

1. e4 e5 2. Nf3 Nc6 3. Bc4 Nf6 4. Ng5 d5 5. exd5 Na5 6. Bb5+ c6 7. dxc6 bxc6
8. Bd3 h6 9. Ne4 Be7 10. Nbc3 Nxe4 11. Nxe4 O-O 12. O-O f5 13. Nc3 Be6 14.
Re1 e4 15. Bf1 Bc5 16. d3 Bd4 17. Ne2 Bb6 18. Nf4 Bd7 19. Ng6 Re8 20. Qh5
Qf6 21. dxe4 Rxe4 22. Rxe4 fxe4 23. Bd2 Qxf2+ 24. Kh1 Qg1# {White
checkmated} 0-1

[Event "ICC tourney 2822 (30 10)"]
[Site "Internet Chess Club"]
[Date "2022.02.12"]
[Round "2"]
[White "THAIN, JACK:jt1819"]
[Black "Jones, Richard S:weakfish"]
[Result "1-0"]
[ICCResult "Black checkmated"]
[WhiteElo "1673"]
[BlackElo "1437"]
[Opening "Queen's pawn: Chigorin variation"]
[ECO "D00"]
[NIC "QP.08"]
[Time "14:00:25"]
[PlyCount "55"]
[TimeControl "1800+10"]

1. d4 d5 2. Nc3 c6 3. Bf4 Nf6 4. e3 Bf5 5. f3 e6 6. g4 Bg6 7. h4 h6 8. Bd3
Bxd3 9. cxd3 Be7 10. Nge2 Nbd7 11. Qd2 Qb6 12. Ng3 Rc8 13. Kf2 c5 14. dxc5
Nxc5 15. d4 Ncd7 16. g5 Ng8 17. Rac1 Qd8 18. e4 Bb4 19. exd5 exd5 20. Rce1+
Ne7 21. gxh6 Bxc3 22. bxc3 O-O 23. hxg7 Re8 24. Bd6 Ng6 25. h5 Nf6 26. hxg6
Qxd6 27. Rh8+ Kxg7 28. Qh6# {Black checkmated} 1-0

[Event "ICC tourney 2822 (30 10)"]
[Site "Internet Chess Club"]
[Date "2022.02.12"]
[Round "2"]
[White "QI, JENNY:eevee11"]
[Black "JACKSON, MASSIMO MATEO:Yeetamus123"]
[Result "0-1"]
[ICCResult "White checkmated"]
[WhiteElo "1386"]
[BlackElo "1383"]
[Opening "Sicilian: accelerated fianchetto, modern variation with Bc4"]
[ECO "B35"]
[NIC "SI.33"]
[Time "14:00:22"]
[PlyCount "92"]
[TimeControl "1800+10"]

1. e4 c5 2. Nf3 Nc6 3. d4 cxd4 4. Nxd4 g6 5. Nc3 Bg7 6. Be3 Nf6 7. Bc4 O-O
8. f3 Qb6 9. Bb3 Nxe4 10. Nxe4 Bxd4 11. Bxd4 Nxd4 12. Qd3 d5 13. Ng3 Bd7 14.
O-O-O Nxb3+ 15. Qxb3 Qc7 16. Kb1 Be6 17. Rhe1 Rfc8 18. Re2 Qc6 19. Red2 d4
20. Qb4 d3 21. cxd3 Rc7 22. Re2 Rac8 23. Qd2 Qa4 24. b3 Bxb3 25. axb3 Qxb3+
26. Ka1 Rc2 27. Qxc2 Rxc2 28. Rxc2 Qxc2 29. Rb1 Qxd3 30. Rxb7 Qa6+ 31. Kb1
Qxb7+ 32. Kc1 a5 33. Nf1 a4 34. Ne3 a3 35. Nc2 a2 36. Kd1 Qb1+ 37. Kd2 a1=Q
38. Nxa1 Qxa1 39. Ke2 Qc3 40. Kf1 Qd2 41. h3 Kg7 42. Kg1 Kf6 43. Kh2 Kg5 44.
Kg1 Kh4 45. Kh1 Kg3 46. Kg1 Qe1# {White checkmated} 0-1

[Event "ICC tourney 2822 (30 10)"]
[Site "Internet Chess Club"]
[Date "2022.02.12"]
[Round "2"]
[White "Dungi, Santosh:santoshroopak"]
[Black "JAIN, PARINYA:StockAlpha2020"]
[Result "1-0"]
[ICCResult "Black checkmated"]
[WhiteElo "1650"]
[BlackElo "1288"]
[Opening "Bishop's opening: Berlin defense"]
[ECO "C24"]
[NIC "IG.04"]
[Time "14:00:28"]
[PlyCount "85"]
[TimeControl "1800+10"]

1. e4 e5 2. Bc4 Nf6 3. Qf3 Nc6 4. Ne2 d6 5. h3 Be7 6. d3 h6 7. Nbc3 Bd7 8.
Qg3 Nh5 9. Qf3 Nf6 10. O-O Na5 11. Bb3 Nxb3 12. axb3 O-O 13. Qg3 Kh7 14. f4
exf4 15. Qxf4 Rg8 16. Qf2 a6 17. Be3 Be6 18. Nd4 Qd7 19. Kh1 Bxh3 20. gxh3
Qxh3+ 21. Kg1 Ng4 22. Qf5+ Kh8 23. Bf4 g5 24. Rf3 Qh5 25. Bg3 Raf8 26. Kg2
c5 27. Nde2 Ne5 28. Bxe5+ dxe5 29. Qxe5+ f6 30. Qxe7 Qg4+ 31. Rg3 Qc8 32.
Rh1 Rg6 33. Rgh3 Qg4+ 34. Ng3 Qxh3+ 35. Rxh3 Rfg8 36. Nf5 g4 37. Rxh6+ Rxh6
38. Nxh6 Rg7 39. Qf8+ Kh7 40. Nf5 Rg6 41. Qf7+ Kh8 42. Qxg6 g3 43. Qg7#
{Black checkmated}
1-0

[Event "ICC tourney 2822 (30 10)"]
[Site "Internet Chess Club"]
[Date "2022.02.12"]
[Round "2"]
[White "DATTA, GAURAV D:Geebz76"]
[Black "PODDUTURI, AASHRITH:chessprogidy"]
[Result "1-0"]
[ICCResult "Black resigns"]
[WhiteElo "1308"]
[BlackElo "1429"]
[Opening "English opening"]
[ECO "A05"]
[NIC "QP.11"]
[Time "14:00:23"]
[PlyCount "87"]
[TimeControl "1800+10"]

1. Nf3 Nf6 2. c4 g6 3. b4 Bg7 4. Bb2 d6 5. g3 O-O 6. Bg2 a6 7. O-O Nc6 8. a3
e5 9. d3 Ne7 10. Nbd2 Ne8 11. Qc2 f5 12. a4 Nf6 13. b5 Bd7 14. Nxe5 dxe5 15.
Bxb7 Ra7 16. Bxa6 Ne8 17. Nf3 Nd6 18. Nxe5 Bxe5 19. Bxe5 Nf7 20. Bd4 Ra8 21.
Bb7 Rb8 22. Bg2 c6 23. b6 Nc8 24. a5 Be6 25. Be3 Ne7 26. Rfb1 Qd6 27. Bf4
Ne5 28. Qc3 Qd7 29. Bxe5 Ra8 30. a6 g5 31. b7 Rad8 32. a7 Ng6 33. a8=Q Rxa8
34. bxa8=Q Rxa8 35. Rxa8+ Kf7 36. Ra7 Qxa7 37. Bxc6 Qc5 38. Rb7+ Kg8 39.
Rb8+ Kf7 40. Be8+ Ke7 41. Bxg6 hxg6 42. Bf6+ Kd6 43. Bg7 Kd7 44. Qb3
{Black resigns}
1-0

[Event "ICC tourney 2822 (30 10)"]
[Site "Internet Chess Club"]
[Date "2022.02.12"]
[Round "2"]
[White "JIMENEZ, LUIS A:eltuna"]
[Black "LING, CHENXUAN:UnicornMM"]
[Result "0-1"]
[ICCResult "White resigns"]
[WhiteElo "1440"]
[BlackElo "1675"]
[Opening "QGD Slav: 4.e3 Bf5"]
[ECO "D12"]
[NIC "QP.08"]
[Time "14:00:22"]
[PlyCount "62"]
[TimeControl "1800+10"]

1. d4 d5 2. Nf3 Nf6 3. e3 Bf5 4. c4 c6 5. Nc3 e6 6. h3 Nbd7 7. Nh4 Bg6 8.
Nxg6 hxg6 9. cxd5 exd5 10. Be2 Bd6 11. O-O O-O 12. a3 Qe7 13. b4 b5 14. Bd2
a5 15. bxa5 Bxa3 16. Qb3 Bd6 17. Rfc1 b4 18. Na2 c5 19. dxc5 Nxc5 20. Qb1
Qe5 21. f4 Qe6 22. Nxb4 Nfe4 23. Qa2 Nxd2 24. Qxd2 Nb3 25. Qc3 Nxc1 26. Bg4
Qxg4 27. Qxc1 Qe6 28. Nd3 Rfc8 29. Qd2 Bc5 30. Nxc5 Rxc5 31. a6 Rxa6
{White resigns}
0-1